MapleLeafs vs Lightning

Created - 29 novembre 2017 at 19:15

Goals
1 2 3 T
MapleLeafs 1 1 1 3
Lightning 1 2 2 5
Shots
1 2 3 T
MapleLeafs 7 9 6 22
Lightning 12 12 8 32

1st period

1. MapleLeafs , Milan Lucic 6 (T.J. Oshie 14, Cody Franson 5) at 8:34
2. Lightning , Trevor Daley 6 (Patric Hornqvist 17, Henrik Zetterberg 26) at 15:06

Penalties :
Marc Methot (TOR) for Interference (Minor) at 4:57

2nd period

3. MapleLeafs , Mikael Backlund 5 (Zach Bogosian 6, Tanner Glass 5) at 6:14
4. Lightning , Teddy Purcell 4 (Andrej Sekera 16, Jeff Carter 25) at 8:32 (PP)
5. Lightning , Henrik Zetterberg 13 (Kevin Klein 6, Jeff Carter 26) at 18:32 (SH)

Penalties :
Karl Alzner (TOR) for Tripping (Minor) at 0:30, T.J. Oshie (TOR) for Hooking (Minor) at 7:02, Andrej Sekera (TBL) for Interference (Minor) at 17:52

3rd period

6. Lightning , Tobias Rieder 8 (Troy Brouwer 4, Henrik Sedin 11) at 2:41 (PP)
7. MapleLeafs , David Krejci 9 (Cody Franson 6, Reilly Smith 18) at 3:10
8. Lightning , Henrik Sedin 6 (Teddy Purcell 7) at 14:49

Penalties :
Beau Bennett (TOR) for Holding (Minor) at 1:03, Matt Hendricks (TBL) for Slashing (Minor) at 4:36, Brent Seabrook (TOR) for Cross-checking (Minor) at 10:11, Patric Hornqvist (TBL) for Tripping (Minor) at 16:01, Marc Methot (TOR) for Hooking (Minor) at 16:01

Goalie Stats

Corey Crawford (TOR), 27 saves from 32 shots - (0.844), L, 11-13-1, 60:00 minutes
Kari Lehtonen (TBL), 19 saves from 22 shots - (0.864), W, 16-7-4, 60:00 minutes

Players Stats for MapleLeafs

Player Name              G  A  P  +/- PIM S  H  SB GA TA FO     MP     PP MP  PK MP  
------------------------------------------------------------------------------------
Adam Erne                0  0  0  -1  0   1  0  0  0  0  1/2     9:50   0:00   1:24 
Beau Bennett             0  0  0   0  2   0  3  0  0  0  1/1    14:49   2:17   0:00 
Brent Seabrook           0  0  0   0  2   0  6  1  0  0  0/0    22:50   1:32   4:02 
Christopher DiDomenico   0  0  0  -1  0   0  0  0  0  0  0/0     8:32   0:00   0:06 
Cody Franson             0  2  2   2  0   1  0  0  0  0  0/0    16:51   0:19   0:24 
David Krejci             1  0  1   0  0   1  0  0  0  0  13/20  18:33   2:36   3:24 
Dmitry Kulikov           0  0  0  -2  0   2  1  0  0  0  0/0    20:20   2:07   4:40 
Karl Alzner              0  0  0   0  2   1  3  0  0  0  0/0    23:08   1:32   3:20 
Marc Methot              0  0  0  -2  4   0  2  2  0  0  0/0    19:12   2:07   4:11 
Marek Hrivik             0  0  0   1  0   3  0  0  0  0  2/3    13:00   0:00   1:55 
Mikael Backlund          1  0  1   1  0   3  0  0  0  0  7/14   14:38   0:00   2:54 
Milan Lucic              1  0  1   0  0   2  0  0  0  0  0/0    14:16   1:22   0:00 
Nazem Kadri              0  0  0   0  0   4  1  0  0  0  14/22  20:11   1:22   4:35 
Reilly Smith             0  1  1   0  0   1  0  1  0  0  1/1    15:09   2:36   0:00 
Scott Laughton           0  0  0  -1  0   1  1  0  0  0  4/5     8:26   0:00   0:00 
T.J. Oshie               0  1  1   0  2   2  1  0  0  0  2/10   19:27   1:22   3:52 
Tanner Glass             0  1  1   1  0   0  2  0  0  0  0/2    12:03   0:19   0:00 
Zach Bogosian            0  1  1   2  0   0  1  2  0  0  0/0    17:35   0:19   1:33 

Players Stats for Lightning

Player Name              G  A  P  +/- PIM S  H  SB GA TA FO     MP     PP MP  PK MP  
------------------------------------------------------------------------------------
Andrej Sekera            0  1  1   1  2   1  0  2  0  0  0/0    23:40   4:43   1:11 
Dennis Wideman           0  0  0   0  0   0  0  3  0  0  0/0    16:41   0:00   0:56 
Erik Gudbranson          0  0  0  -1  0   0  1  2  0  0  0/0    16:37   0:00   1:51 
Henrik Sedin             1  1  2  -1  0   2  0  0  0  0  5/14   15:53   0:28   1:14 
Henrik Zetterberg        1  1  2   2  0   2  0  0  0  0  19/34  22:55   4:24   2:44 
Jeff Carter              0  2  2   0  0   3  1  0  0  0  6/15   18:34   4:13   2:39 
Johnny Gaudreau          0  0  0   1  0   5  0  0  0  0  0/3    18:40   4:13   0:00 
Kevin Klein              0  1  1   0  0   2  0  2  0  0  0/0    22:21   4:22   2:27 
Kyle Quincey             0  0  0  -1  0   1  2  1  0  0  0/0    19:18   4:22   1:31 
Matt Hendricks           0  0  0  -1  2   0  4  0  0  0  0/0    13:31   0:00   0:00 
Patric Hornqvist         0  1  1   1  2   1  4  0  0  0  0/1    18:51   3:53   0:00 
Remi Elie                0  0  0   0  0   0  0  0  0  0  0/0     0:00   0:00   0:00 
Teddy Purcell            1  1  2  -1  0   3  0  0  0  0  0/0    13:52   0:20   0:00 
Tobias Rieder            1  0  1  -1  0   6  1  0  0  0  0/0    21:19   4:52   0:00 
Travis Zajac             0  0  0   0  0   3  0  0  0  0  4/9     8:30   0:00   1:14 
Trevor Daley             1  0  1   1  0   1  3  2  0  0  0/0    21:22   4:43   0:00 
Troy Brouwer             0  1  1  -1  0   2  1  0  0  0  1/3    15:14   4:52   0:00 
Vernon Fiddler           0  0  0   0  0   0  1  0  0  0  0/1     6:42   0:00   0:05 

3 Stars

1 - Henrik Zetterberg (TBL)
2 - Trevor Daley (TBL)
3 - Cody Franson (TOR)

Power Play

MapleLeafs - 0 on 2 Attempt(s) - 0.00%
Lightning - 2 on 5 Attempt(s) - 40.00%

Penalty Kill

MapleLeafs - 3 on 5 Attempt(s) - 60.00% - Score 0 goal in Penalty Kill
Lightning - 2 on 2 Attempt(s) - 100.00% - Score 1 goal in Penalty Kill

Team Stat

MapleLeafs - Hits : 21 - Faceoff Wins : 45 - Blocked Shots : 6 - Penalty Minutes : 12
Lightning - Hits : 18 - Faceoff Wins : 35 - Blocked Shots : 12 - Penalty Minutes : 6

Official

Referees : Mike Hasenfratz and Chris Lee
Linesman : Steve Barton and Ryan Galloway

Game Notes

No Game Note

Finance

Level 1 -- Attendance: 6045 (93.00%) -- Ticket Income 664 950 $
Level 2 -- Attendance: 3442 (68.84%) -- Ticket Income 326 990 $
Level 3 -- Attendance: 2110 (60.29%) -- Ticket Income 158 250 $
Level 4 -- Attendance: 2330 (72.72%) -- Ticket Income 104 850 $
Luxury Box -- Attendance: 469 (46.90%) -- Ticket Income 168 840 $
Game was played at the Amalie Arena.
Total Attendance: 14396 (74.96%)
Total Ticket Income: 1 423 880 $
Other Income: 213 582 $
Total Income: 1 637 462 $

% Time on Ice - MapleLeafs

Lines # - Real PCT - Wanted PCT - Time Play
Normal Forward
1 - 29% - 35% - 12:54
2 - 28% - 29% - 12:33
3 - 25% - 23% - 11:05
4 - 19% - 13% - 8:26
Normal Defense
1 - 37% - 40% - 16:25
2 - 27% - 30% - 12:13
3 - 33% - 20% - 15:03
4 - 3% - 10% - 1:17
PP Forward
1 - 34% - 56% - 1:22
2 - 66% - 44% - 2:36
PP Defense
1 - 39% - 60% - 1:32
2 - 61% - 40% - 2:26
PK Forward
1 - 68% - 60% - 6:11
2 - 32% - 40% - 2:54
PK Defense
1 - 50% - 60% - 4:34
2 - 50% - 40% - 4:31
PK3 Forward
1 - 0% - 60%
2 - 0% - 40%
PK3 Defense
1 - 0% - 60%
2 - 0% - 40%
44 Forward
1 - 100% - 60% - 1:59
2 - 0% - 40% - 0:00
44 Defense
1 - 33% - 60% - 0:39
2 - 67% - 40% - 1:20
Last Minute Offensive  - 0:00
Last Minute Defensive  - 0:00
Total
Forward - 60:00
Defense - 60:00

% Time on Ice - Lightning

Lines # - Real PCT - Wanted PCT - Time Play
Normal Forward
1 - 32% - 40% - 14:27
2 - 23% - 30% - 10:22
3 - 30% - 20% - 13:32
4 - 15% - 10% - 6:37
Normal Defense
1 - 34% - 40% - 15:12
2 - 27% - 30% - 12:21
3 - 33% - 20% - 15:02
4 - 5% - 10% - 2:23
PP Forward
1 - 46% - 60% - 4:13
2 - 54% - 40% - 4:52
PP Defense
1 - 52% - 60% - 4:43
2 - 48% - 40% - 4:22
PK Forward
1 - 69% - 60% - 2:44
2 - 31% - 40% - 1:14
PK Defense
1 - 62% - 60% - 2:27
2 - 38% - 40% - 1:31
PK3 Forward
1 - 0% - 60%
2 - 0% - 40%
PK3 Defense
1 - 0% - 60%
2 - 0% - 40%
44 Forward
1 - 67% - 60% - 1:20
2 - 33% - 40% - 0:39
44 Defense
1 - 67% - 60% - 1:20
2 - 33% - 40% - 0:39
Last Minute Offensive  - 0:00
Last Minute Defensive  - 0:00
Total
Forward - 60:00
Defense - 60:00

Play by Play

1st period


0:01 of 1st period - Henrik Zetterberg wins face-off versus Nazem Kadri in neutral zone.
0:06 of 1st period - Shot by Johnny Gaudreau.
0:06 of 1st period - Stopped by Corey Crawford without a rebound.
0:07 of 1st period - David Krejci wins face-off versus Jeff Carter in MapleLeafs zone.
0:25 of 1st period - Shot by Tobias Rieder.
0:25 of 1st period - Stopped by Corey Crawford without a rebound.
0:26 of 1st period - Henrik Sedin wins face-off versus Marek Hrivik in MapleLeafs zone.
0:29 of 1st period - Shot by Teddy Purcell.
0:29 of 1st period - Stopped by Corey Crawford without a rebound.
0:30 of 1st period - Henrik Zetterberg wins face-off versus Scott Laughton in MapleLeafs zone.
1:25 of 1st period - Karl Alzner is hit by Matt Hendricks.
1:29 of 1st period - Brent Seabrook is hit by Matt Hendricks and loses puck.
1:40 of 1st period - Shot by Henrik Sedin.
1:40 of 1st period - Shot Misses the Net.
2:25 of 1st period - Shot by Nazem Kadri.
2:25 of 1st period - Stopped by Kari Lehtonen without a rebound.
2:26 of 1st period - Henrik Zetterberg wins face-off versus Mikael Backlund in Lightning zone.
2:26 of 1st period - Henrik Zetterberg is hit by Tanner Glass.
2:32 of 1st period - Shot by Mikael Backlund.
2:32 of 1st period - Shot Misses the Net.
2:48 of 1st period - Shot by Johnny Gaudreau.
2:48 of 1st period - Stopped by Corey Crawford without a rebound.
2:49 of 1st period - Beau Bennett wins face-off versus Travis Zajac in MapleLeafs zone.
2:49 of 1st period - Beau Bennett is hit by Tobias Rieder.
3:17 of 1st period - Shot by Travis Zajac.
3:17 of 1st period - Shot Blocked by Zach Bogosian.
3:19 of 1st period - Shot by Erik Gudbranson.
3:19 of 1st period - Shot Blocked by Zach Bogosian.
3:35 of 1st period - Cody Franson is hit by Vernon Fiddler and loses puck.
4:57 of 1st period - Minor Penalty to Marc Methot for Interference.
4:58 of 1st period - Jeff Carter wins face-off versus T.J. Oshie in MapleLeafs zone.
5:09 of 1st period - Shot by Johnny Gaudreau.
5:09 of 1st period - Shot Misses the Net.
5:11 of 1st period - Shot by Andrej Sekera.
5:11 of 1st period - Stopped by Corey Crawford without a rebound.
5:12 of 1st period - Henrik Zetterberg wins face-off versus T.J. Oshie in MapleLeafs zone.
5:21 of 1st period - Shot by Tobias Rieder.
5:21 of 1st period - Deflect By Henrik Zetterberg.
5:21 of 1st period - Shot Misses the Net.
5:37 of 1st period - Shot by Tobias Rieder.
5:37 of 1st period - Shot Misses the Net.
5:44 of 1st period - Icing by Kyle Quincey.
5:45 of 1st period - Henrik Zetterberg wins face-off versus T.J. Oshie in Lightning zone.
6:30 of 1st period - Icing by Trevor Daley.
6:31 of 1st period - T.J. Oshie wins face-off versus Jeff Carter in Lightning zone.
7:32 of 1st period - Icing by Dennis Wideman.
7:33 of 1st period - Henrik Sedin wins face-off versus Tanner Glass in Lightning zone.
7:56 of 1st period - Shot by Mikael Backlund.
7:56 of 1st period - Shot Misses the Net.
8:26 of 1st period - Shot by Nazem Kadri.
8:26 of 1st period - Shot Misses the Net.
8:34 of 1st period - Shot by Milan Lucic.
8:34 of 1st period - Goal by Milan Lucic - MapleLeafs : 1 - Lightning : 0.
8:35 of 1st period - Henrik Zetterberg wins face-off versus David Krejci in neutral zone.
8:40 of 1st period - Shot by Patric Hornqvist.
8:40 of 1st period - Shot Blocked by Reilly Smith.
8:57 of 1st period - Off-side.
8:58 of 1st period - Jeff Carter wins face-off versus Nazem Kadri in neutral zone.
9:11 of 1st period - Shot by Troy Brouwer.
9:11 of 1st period - Shot Misses the Net.
9:22 of 1st period - Nazem Kadri is hit by Kyle Quincey and loses puck.
9:40 of 1st period - Icing by Kevin Klein.
9:41 of 1st period - Jeff Carter wins face-off versus Mikael Backlund in Lightning zone.
10:55 of 1st period - Andrej Sekera is hit by Beau Bennett and loses puck.
11:40 of 1st period - Shot by Milan Lucic.
11:40 of 1st period - Shot Blocked by Erik Gudbranson.
11:46 of 1st period - Shot by Tobias Rieder.
11:46 of 1st period - Shot Misses the Net.
11:48 of 1st period - Shot by Vernon Fiddler.
11:48 of 1st period - Shot Misses the Net.
11:50 of 1st period - Shot by Travis Zajac.
11:50 of 1st period - Stopped by Corey Crawford without a rebound.
11:51 of 1st period - Adam Erne wins face-off versus Henrik Sedin in MapleLeafs zone.
11:51 of 1st period - Adam Erne is hit by Matt Hendricks.
12:40 of 1st period - Shot by Tobias Rieder.
12:40 of 1st period - Shot Misses the Net.
13:00 of 1st period - Shot by Troy Brouwer.
13:00 of 1st period - Stopped by Corey Crawford without a rebound.
13:01 of 1st period - Travis Zajac wins face-off versus Nazem Kadri in MapleLeafs zone.
13:10 of 1st period - Shot by Nazem Kadri.
13:10 of 1st period - Shot Misses the Net.
13:12 of 1st period - Shot by Nazem Kadri.
13:12 of 1st period - Stopped by Kari Lehtonen without a rebound.
13:13 of 1st period - Travis Zajac wins face-off versus Mikael Backlund in Lightning zone.
13:36 of 1st period - Shot by Tanner Glass.
13:36 of 1st period - Shot Misses the Net.
13:38 of 1st period - Shot by Tanner Glass.
13:38 of 1st period - Shot Misses the Net.
13:40 of 1st period - Shot by Tanner Glass.
13:40 of 1st period - Shot Misses the Net.
13:44 of 1st period - Shot by Mikael Backlund.
13:44 of 1st period - Shot Blocked by Dennis Wideman.
14:20 of 1st period - Shot by Henrik Sedin.
14:20 of 1st period - Stopped by Corey Crawford without a rebound.
14:21 of 1st period - David Krejci wins face-off versus Henrik Zetterberg in MapleLeafs zone.
14:36 of 1st period - Icing by Andrej Sekera.
14:37 of 1st period - Nazem Kadri wins face-off versus Henrik Zetterberg in Lightning zone.
14:38 of 1st period - Shot by T.J. Oshie.
14:38 of 1st period - Shot Misses the Net.
15:04 of 1st period - Shot by Patric Hornqvist.
15:04 of 1st period - Shot Misses the Net.
15:06 of 1st period - Shot by Trevor Daley.
15:06 of 1st period - Goal by Trevor Daley - MapleLeafs : 1 - Lightning : 1.
15:07 of 1st period - Henrik Sedin wins face-off versus Mikael Backlund in neutral zone.
15:27 of 1st period - Cody Franson is hit by Kyle Quincey and loses puck.
15:59 of 1st period - Shot by Jeff Carter.
15:59 of 1st period - Stopped by Corey Crawford without a rebound.
16:00 of 1st period - Jeff Carter wins face-off versus T.J. Oshie in MapleLeafs zone.
16:15 of 1st period - Shot by Milan Lucic.
16:15 of 1st period - Stopped by Kari Lehtonen with a rebound.
16:17 of 1st period - Shot by Nazem Kadri.
16:17 of 1st period - Stopped by Kari Lehtonen without a rebound.
16:18 of 1st period - David Krejci wins face-off versus Henrik Zetterberg in Lightning zone.
16:32 of 1st period - Icing by Brent Seabrook.
16:33 of 1st period - David Krejci wins face-off versus Jeff Carter in MapleLeafs zone.
16:59 of 1st period - Shot by Tobias Rieder.
16:59 of 1st period - Stopped by Corey Crawford without a rebound.
17:00 of 1st period - Nazem Kadri wins face-off versus Henrik Zetterberg in MapleLeafs zone.
17:30 of 1st period - Shot by Nazem Kadri.
17:30 of 1st period - Stopped by Kari Lehtonen without a rebound.
17:31 of 1st period - Jeff Carter wins face-off versus Tanner Glass in Lightning zone.
18:47 of 1st period - Teddy Purcell is hit by Zach Bogosian and loses puck.
19:16 of 1st period - Cody Franson is hit by Patric Hornqvist and loses puck.
19:23 of 1st period - Shot by Henrik Zetterberg.
19:23 of 1st period - Stopped by Corey Crawford without a rebound.
19:24 of 1st period - Nazem Kadri wins face-off versus Travis Zajac in MapleLeafs zone.
19:45 of 1st period - Shot by Milan Lucic.
19:45 of 1st period - Deflect By T.J. Oshie.
19:45 of 1st period - Shot Misses the Net.
19:47 of 1st period - Shot by Marc Methot.
19:47 of 1st period - Shot Misses the Net.
19:49 of 1st period - Shot by T.J. Oshie.
19:49 of 1st period - Stopped by Kari Lehtonen without a rebound.
19:50 of 1st period - Henrik Zetterberg wins face-off versus Mikael Backlund in Lightning zone.
19:52 of 1st period - Icing by Johnny Gaudreau.
19:53 of 1st period - Henrik Zetterberg wins face-off versus Mikael Backlund in Lightning zone.
Goals for this period are 1 for MapleLeafs vs 1 for Lightning.
Shots for this period are 7 for MapleLeafs vs 12 for Lightning.

2nd period


0:01 of 2nd period - Nazem Kadri wins face-off versus Henrik Zetterberg in neutral zone.
0:10 of 2nd period - Henrik Zetterberg is hit by Nazem Kadri and loses puck.
0:26 of 2nd period - Patric Hornqvist is hit by Brent Seabrook and loses puck.
0:29 of 2nd period - Shot by Patric Hornqvist.
0:29 of 2nd period - Shot Blocked by Brent Seabrook.
0:30 of 2nd period - Minor Penalty to Karl Alzner for Tripping.
0:31 of 2nd period - Henrik Zetterberg wins face-off versus T.J. Oshie in MapleLeafs zone.
0:32 of 2nd period - Shot by Kevin Klein.
0:32 of 2nd period - Stopped by Corey Crawford without a rebound.
0:33 of 2nd period - Henrik Zetterberg wins face-off versus T.J. Oshie in MapleLeafs zone.
0:58 of 2nd period - Shot by Kyle Quincey.
0:58 of 2nd period - Stopped by Corey Crawford without a rebound.
0:59 of 2nd period - David Krejci wins face-off versus Jeff Carter in MapleLeafs zone.
1:21 of 2nd period - Shot by Johnny Gaudreau.
1:21 of 2nd period - Shot Misses the Net.
1:23 of 2nd period - Shot by Jeff Carter.
1:23 of 2nd period - Deflect By Johnny Gaudreau.
1:23 of 2nd period - Stopped by Corey Crawford without a rebound.
1:24 of 2nd period - David Krejci wins face-off versus Henrik Zetterberg in MapleLeafs zone.
2:32 of 2nd period - Matt Hendricks is hit by Scott Laughton and loses puck.
3:26 of 2nd period - Tobias Rieder is hit by Karl Alzner and loses puck.
3:33 of 2nd period - Shot by Travis Zajac.
3:33 of 2nd period - Stopped by Corey Crawford without a rebound.
3:34 of 2nd period - Mikael Backlund wins face-off versus Johnny Gaudreau in MapleLeafs zone.
3:46 of 2nd period - Icing by Kevin Klein.
3:47 of 2nd period - Nazem Kadri wins face-off versus Henrik Zetterberg in Lightning zone.
3:56 of 2nd period - Shot by Milan Lucic.
3:56 of 2nd period - Shot Blocked by Kevin Klein.
3:58 of 2nd period - Shot by Dmitry Kulikov.
3:58 of 2nd period - Stopped by Kari Lehtonen without a rebound.
3:59 of 2nd period - Mikael Backlund wins face-off versus Troy Brouwer in Lightning zone.
4:06 of 2nd period - Shot by Marek Hrivik.
4:06 of 2nd period - Stopped by Kari Lehtonen without a rebound.
4:07 of 2nd period - Nazem Kadri wins face-off versus Henrik Zetterberg in Lightning zone.
4:38 of 2nd period - Shot by Milan Lucic.
4:38 of 2nd period - Shot Misses the Net.
4:43 of 2nd period - Andrej Sekera is hit by Karl Alzner and loses puck.
4:51 of 2nd period - Andrej Sekera is hit by Brent Seabrook and loses puck.
4:59 of 2nd period - Icing by Brent Seabrook.
5:00 of 2nd period - Nazem Kadri wins face-off versus Jeff Carter in MapleLeafs zone.
5:31 of 2nd period - Jeff Carter is hit by Marc Methot and loses puck.
6:14 of 2nd period - Shot by Mikael Backlund.
6:14 of 2nd period - Goal by Mikael Backlund - MapleLeafs : 2 - Lightning : 1.
6:15 of 2nd period - Scott Laughton wins face-off versus Henrik Sedin in neutral zone.
6:29 of 2nd period - Icing by Zach Bogosian.
6:30 of 2nd period - Henrik Zetterberg wins face-off versus Adam Erne in MapleLeafs zone.
6:43 of 2nd period - Shot by Scott Laughton.
6:43 of 2nd period - Shot Misses the Net.
7:01 of 2nd period - Shot by Nazem Kadri.
7:01 of 2nd period - Shot Misses the Net.
7:02 of 2nd period - Minor Penalty to T.J. Oshie for Hooking.
7:03 of 2nd period - Marek Hrivik wins face-off versus Jeff Carter in MapleLeafs zone.
7:03 of 2nd period - Marek Hrivik is hit by Patric Hornqvist.
8:00 of 2nd period - Icing by Troy Brouwer.
8:01 of 2nd period - Marek Hrivik wins face-off versus Troy Brouwer in Lightning zone.
8:32 of 2nd period - Shot by Teddy Purcell.
8:32 of 2nd period - Goal by Teddy Purcell - MapleLeafs : 2 - Lightning : 2.
8:33 of 2nd period - Henrik Sedin wins face-off versus David Krejci in neutral zone.
9:11 of 2nd period - Icing by Henrik Sedin.
9:12 of 2nd period - Henrik Sedin wins face-off versus Mikael Backlund in Lightning zone.
9:12 of 2nd period - Henrik Sedin is hit by Tanner Glass.
9:49 of 2nd period - Vernon Fiddler is hit by Brent Seabrook and loses puck.
10:09 of 2nd period - Henrik Zetterberg is hit by Brent Seabrook and loses puck.
10:18 of 2nd period - Shot by Patric Hornqvist.
10:18 of 2nd period - Stopped by Corey Crawford without a rebound.
10:19 of 2nd period - Nazem Kadri wins face-off versus Patric Hornqvist in MapleLeafs zone.
10:26 of 2nd period - Shot by Nazem Kadri.
10:26 of 2nd period - Shot Misses the Net.
11:38 of 2nd period - Shot by Troy Brouwer.
11:38 of 2nd period - Stopped by Corey Crawford without a rebound.
11:39 of 2nd period - Scott Laughton wins face-off versus Henrik Sedin in MapleLeafs zone.
11:46 of 2nd period - Shot by Scott Laughton.
11:46 of 2nd period - Stopped by Kari Lehtonen with a rebound.
12:02 of 2nd period - Shot by Cody Franson.
12:02 of 2nd period - Shot Blocked by Trevor Daley.
12:04 of 2nd period - Shot by Cody Franson.
12:04 of 2nd period - Shot Blocked by Andrej Sekera.
12:22 of 2nd period - Shot by Reilly Smith.
12:22 of 2nd period - Shot Misses the Net.
12:46 of 2nd period - Shot by Reilly Smith.
12:46 of 2nd period - Shot Misses the Net.
13:19 of 2nd period - Shot by Mikael Backlund.
13:19 of 2nd period - Stopped by Kari Lehtonen without a rebound.
13:20 of 2nd period - Troy Brouwer wins face-off versus T.J. Oshie in Lightning zone.
13:47 of 2nd period - Shot by Nazem Kadri.
13:47 of 2nd period - Shot Blocked by Kyle Quincey.
14:57 of 2nd period - Shot by Mikael Backlund.
14:57 of 2nd period - Shot Blocked by Erik Gudbranson.
15:09 of 2nd period - Shot by Henrik Zetterberg.
15:09 of 2nd period - Deflect By Johnny Gaudreau.
15:09 of 2nd period - Stopped by Corey Crawford without a rebound.
15:10 of 2nd period - David Krejci wins face-off versus Travis Zajac in MapleLeafs zone.
15:21 of 2nd period - Shot by Cody Franson.
15:21 of 2nd period - Stopped by Kari Lehtonen with a rebound.
15:24 of 2nd period - Icing by Erik Gudbranson.
15:25 of 2nd period - Travis Zajac wins face-off versus Nazem Kadri in Lightning zone.
15:27 of 2nd period - Icing by Dennis Wideman.
15:28 of 2nd period - Nazem Kadri wins face-off versus Travis Zajac in Lightning zone.
15:35 of 2nd period - Shot by Nazem Kadri.
15:35 of 2nd period - Shot Misses the Net.
15:41 of 2nd period - Shot by Patric Hornqvist.
15:41 of 2nd period - Deflect By Travis Zajac.
15:41 of 2nd period - Stopped by Corey Crawford without a rebound.
15:42 of 2nd period - David Krejci wins face-off versus Jeff Carter in MapleLeafs zone.
16:04 of 2nd period - Shot by Jeff Carter.
16:04 of 2nd period - Shot Misses the Net.
16:06 of 2nd period - Shot by Tobias Rieder.
16:06 of 2nd period - Stopped by Corey Crawford without a rebound.
16:07 of 2nd period - Nazem Kadri wins face-off versus Henrik Sedin in MapleLeafs zone.
16:19 of 2nd period - Shot by T.J. Oshie.
16:19 of 2nd period - Stopped by Kari Lehtonen without a rebound.
16:20 of 2nd period - Mikael Backlund wins face-off versus Johnny Gaudreau in Lightning zone.
16:41 of 2nd period - Shot by Mikael Backlund.
16:41 of 2nd period - Shot Blocked by Andrej Sekera.
16:57 of 2nd period - Zach Bogosian is hit by Patric Hornqvist and loses puck.
17:21 of 2nd period - Shot by Troy Brouwer.
17:21 of 2nd period - Shot Misses the Net.
17:23 of 2nd period - Shot by Jeff Carter.
17:23 of 2nd period - Stopped by Corey Crawford without a rebound.
17:24 of 2nd period - Nazem Kadri wins face-off versus Henrik Sedin in MapleLeafs zone.
17:28 of 2nd period - T.J. Oshie is hit by Trevor Daley and loses puck.
17:52 of 2nd period - Minor Penalty to Andrej Sekera for Interference.
17:53 of 2nd period - Henrik Zetterberg wins face-off versus David Krejci in Lightning zone.
18:24 of 2nd period - Jeff Carter is hit by Dmitry Kulikov and loses puck.
18:32 of 2nd period - Shot by Henrik Zetterberg.
18:32 of 2nd period - Goal by Henrik Zetterberg - MapleLeafs : 2 - Lightning : 3.
18:33 of 2nd period - Nazem Kadri wins face-off versus Henrik Zetterberg in neutral zone.
19:07 of 2nd period - Shot by Brent Seabrook.
19:07 of 2nd period - Shot Blocked by Kevin Klein.
19:09 of 2nd period - Shot by Karl Alzner.
19:09 of 2nd period - Stopped by Kari Lehtonen without a rebound.
19:10 of 2nd period - David Krejci wins face-off versus Henrik Zetterberg in Lightning zone.
19:13 of 2nd period - Shot by Reilly Smith.
19:13 of 2nd period - Shot Blocked by Dennis Wideman.
19:15 of 2nd period - Shot by Dmitry Kulikov.
19:15 of 2nd period - Stopped by Kari Lehtonen without a rebound.
19:16 of 2nd period - Henrik Zetterberg wins face-off versus David Krejci in Lightning zone.
19:16 of 2nd period - Henrik Zetterberg is hit by Beau Bennett.
Goals for this period are 1 for MapleLeafs vs 2 for Lightning.
Shots for this period are 9 for MapleLeafs vs 12 for Lightning.

3rd period


0:01 of 3rd period - Henrik Zetterberg wins face-off versus Nazem Kadri in neutral zone.
1:03 of 3rd period - Minor Penalty to Beau Bennett for Holding.
1:04 of 3rd period - Henrik Zetterberg wins face-off versus David Krejci in MapleLeafs zone.
2:39 of 3rd period - Shot by Tobias Rieder.
2:39 of 3rd period - Shot Blocked by Marc Methot.
2:41 of 3rd period - Shot by Tobias Rieder.
2:41 of 3rd period - Goal by Tobias Rieder - MapleLeafs : 2 - Lightning : 4.
2:42 of 3rd period - Reilly Smith wins face-off versus Henrik Sedin in neutral zone.
3:05 of 3rd period - Reilly Smith is hit by Erik Gudbranson and loses puck.
3:10 of 3rd period - Shot by David Krejci.
3:10 of 3rd period - Goal by David Krejci - MapleLeafs : 3 - Lightning : 4.
3:11 of 3rd period - Mikael Backlund wins face-off versus Henrik Zetterberg in neutral zone.
3:33 of 3rd period - Henrik Zetterberg is hit by Brent Seabrook and loses puck.
3:59 of 3rd period - Icing by Erik Gudbranson.
4:00 of 3rd period - Nazem Kadri wins face-off versus Vernon Fiddler in Lightning zone.
4:36 of 3rd period - Minor Penalty to Matt Hendricks for Slashing.
4:37 of 3rd period - David Krejci wins face-off versus Henrik Zetterberg in Lightning zone.
4:58 of 3rd period - Kevin Klein is hit by Beau Bennett and loses puck.
5:42 of 3rd period - Off-side.
5:43 of 3rd period - Nazem Kadri wins face-off versus Henrik Zetterberg in neutral zone.
6:44 of 3rd period - Shot by Adam Erne.
6:44 of 3rd period - Stopped by Kari Lehtonen with a rebound.
6:46 of 3rd period - Shot by Zach Bogosian.
6:46 of 3rd period - Shot Misses the Net.
6:48 of 3rd period - Shot by Adam Erne.
6:48 of 3rd period - Shot Blocked by Trevor Daley.
7:30 of 3rd period - Shot by Tobias Rieder.
7:30 of 3rd period - Stopped by Corey Crawford without a rebound.
7:31 of 3rd period - Henrik Zetterberg wins face-off versus Nazem Kadri in MapleLeafs zone.
7:47 of 3rd period - Johnny Gaudreau is hit by Brent Seabrook and loses puck.
8:16 of 3rd period - Marc Methot is hit by Patric Hornqvist and loses puck.
8:47 of 3rd period - Shot by Troy Brouwer.
8:47 of 3rd period - Shot Misses the Net.
8:49 of 3rd period - Shot by Kevin Klein.
8:49 of 3rd period - Stopped by Corey Crawford without a rebound.
8:50 of 3rd period - Mikael Backlund wins face-off versus Henrik Sedin in MapleLeafs zone.
9:18 of 3rd period - Shot by Marek Hrivik.
9:18 of 3rd period - Stopped by Kari Lehtonen with a rebound.
9:30 of 3rd period - Marek Hrivik is hit by Matt Hendricks and loses puck.
9:38 of 3rd period - Icing by Zach Bogosian.
9:39 of 3rd period - Mikael Backlund wins face-off versus Jeff Carter in MapleLeafs zone.
9:46 of 3rd period - Icing by Kyle Quincey.
9:47 of 3rd period - Jeff Carter wins face-off versus Nazem Kadri in Lightning zone.
9:56 of 3rd period - Kevin Klein is hit by T.J. Oshie.
10:10 of 3rd period - Shot by Jeff Carter.
10:10 of 3rd period - Stopped by Corey Crawford with a rebound.
10:11 of 3rd period - Minor Penalty to Brent Seabrook for Cross-checking.
10:12 of 3rd period - T.J. Oshie wins face-off versus Johnny Gaudreau in MapleLeafs zone.
10:12 of 3rd period - T.J. Oshie is hit by Jeff Carter.
10:42 of 3rd period - Shot by Johnny Gaudreau.
10:42 of 3rd period - Stopped by Corey Crawford with a rebound.
10:44 of 3rd period - Shot by Johnny Gaudreau.
10:44 of 3rd period - Shot Misses the Net.
11:08 of 3rd period - Shot by Troy Brouwer.
11:08 of 3rd period - Shot Blocked by Marc Methot.
11:14 of 3rd period - Shot by Tobias Rieder.
11:14 of 3rd period - Stopped by Corey Crawford without a rebound.
11:15 of 3rd period - David Krejci wins face-off versus Henrik Zetterberg in MapleLeafs zone.
11:36 of 3rd period - Mikael Backlund is hit by Troy Brouwer and loses puck.
12:14 of 3rd period - Icing by Dennis Wideman.
12:15 of 3rd period - Scott Laughton wins face-off versus Henrik Sedin in Lightning zone.
12:20 of 3rd period - Shot by Christopher DiDomenico.
12:20 of 3rd period - Shot Blocked by Dennis Wideman.
12:28 of 3rd period - Shot by Henrik Sedin.
12:28 of 3rd period - Shot Misses the Net.
12:30 of 3rd period - Shot by Matt Hendricks.
12:30 of 3rd period - Deflect By Henrik Sedin.
12:30 of 3rd period - Shot Misses the Net.
12:32 of 3rd period - Shot by Dennis Wideman.
12:32 of 3rd period - Shot Misses the Net.
12:36 of 3rd period - Shot by Teddy Purcell.
12:36 of 3rd period - Stopped by Corey Crawford without a rebound.
12:37 of 3rd period - Henrik Zetterberg wins face-off versus David Krejci in MapleLeafs zone.
13:28 of 3rd period - Icing by Johnny Gaudreau.
13:29 of 3rd period - Henrik Zetterberg wins face-off versus Nazem Kadri in Lightning zone.
13:51 of 3rd period - Nazem Kadri is hit by Trevor Daley and loses puck.
14:23 of 3rd period - Tanner Glass is hit by Trevor Daley and loses puck.
14:26 of 3rd period - Shot by Mikael Backlund.
14:26 of 3rd period - Shot Misses the Net.
14:30 of 3rd period - Shot by Marek Hrivik.
14:30 of 3rd period - Stopped by Kari Lehtonen without a rebound.
14:31 of 3rd period - Scott Laughton wins face-off versus Henrik Sedin in Lightning zone.
14:49 of 3rd period - Shot by Henrik Sedin.
14:49 of 3rd period - Goal by Henrik Sedin - MapleLeafs : 3 - Lightning : 5.
14:50 of 3rd period - Travis Zajac wins face-off versus David Krejci in neutral zone.
15:04 of 3rd period - Tobias Rieder is hit by Karl Alzner and loses puck.
15:58 of 3rd period - Johnny Gaudreau is hit by Marc Methot.
16:01 of 3rd period - Minor Penalty to Patric Hornqvist for Tripping.
16:01 of 3rd period - Minor Penalty to Marc Methot for Hooking.
16:02 of 3rd period - Henrik Zetterberg wins face-off versus T.J. Oshie in MapleLeafs zone.
16:07 of 3rd period - Shot by Jeff Carter.
16:07 of 3rd period - Shot Misses the Net.
17:02 of 3rd period - Shot by Tanner Glass.
17:02 of 3rd period - Shot Hit the Post.
18:55 of 3rd period - Shot by Beau Bennett.
18:55 of 3rd period - Deflect By Reilly Smith.
18:55 of 3rd period - Stopped by Kari Lehtonen without a rebound.
18:56 of 3rd period - Mikael Backlund wins face-off versus Travis Zajac in Lightning zone.
19:23 of 3rd period - Shot by Mikael Backlund.
19:23 of 3rd period - Stopped by Kari Lehtonen without a rebound.
19:24 of 3rd period - David Krejci wins face-off versus Henrik Zetterberg in Lightning zone.
19:31 of 3rd period - Off-side.
19:32 of 3rd period - David Krejci wins face-off versus Jeff Carter in neutral zone.
Goals for this period are 1 for MapleLeafs vs 2 for Lightning.
Shots for this period are 6 for MapleLeafs vs 8 for Lightning.